 Dungeon Crawl Stone Soup version 0.27.0-66-gdc8fb28755 (webtiles) character file.

Game seed: 9407614333979767027

361 mrzisme the Vexing (level 6, -1/28 HPs)
             Began as a Spriggan Enchanter on Aug 20, 2021.
             Slain by a hornet (14 damage)
             ... while paralysed by a hornet
             ... on level 5 of the Dungeon.
             The game lasted 00:23:15 (4425 turns).

mrzisme the Vexing (Spriggan Enchanter)             Turns: 4425, Time: 00:23:16

Health: -1/28      AC:  2    Str:  4    XL:     6   Next: 38%
Magic:  10/14      EV:  4    Int: 16    God:
Gold:   176        SH:  0    Dex: 18    Spells: 6/15 levels left

rFire    . . .     SeeInvis +   u - +2 dagger (flame)
rCold    . . .     Faith    .   (shield restricted)
rNeg     . . .     Spirit   .   b - +0 robe
rPois    .         Reflect  .   (helmet restricted)
rElec    .         Harm     .   (no cloak)
rCorr    .         Rampage  .   (gloves unavailable)
Will     +....                  (boots unavailable)
Stlth    +++.......             (no amulet)
HPRegen  0.09/turn              d - +4 ring of evasion
MPRegen  0.14/turn              (no ring)

@: paralysed, confusing by touch, very quick
A: very small, no large weapons, unfitting armour, see invisible, speed 3
a: no special abilities


You were on level 5 of the Dungeon.
You visited 1 branch of the dungeon, and saw 5 of its levels.

You collected 176 gold pieces.

Inventory:

Hand Weapons
 a - a +1 dagger
 f - a +0 short sword of venom
 o - a +1 dagger of draining
 u - a +2 dagger of flaming (weapon)
Missiles
 i - 27 poisoned darts (quivered)
Armour
 b - a +0 robe (worn)
Jewellery
 d - a +4 ring of evasion (left hand)
Scrolls
 h - a scroll of blinking
 n - a scroll of enchant weapon
 p - a scroll of teleportation
 r - a scroll of holy word {unknown}
Potions
 c - 2 potions of attraction
 e - a potion of heal wounds
 g - a potion of curing {unknown}
 j - a potion of ambrosia {unknown}
 k - 2 potions of degeneration
 l - 2 potions of haste
 m - a potion of flight {unknown}
 q - a potion of cancellation {unknown}
 s - a potion of resistance {unknown}
 t - a potion of lignification {unknown}


   Skills:
 - Level 2.3 Short Blades
 - Level 2.6 Dodging
 - Level 4.6 Stealth
 + Level 5.0 Spellcasting
 * Level 7.1 Hexes


You had 6 spell levels left.
You knew the following spells:

 Your Spells              Type           Power      Damage    Failure   Level
a - Corona                Hex            28%        N/A       1%          1
b - Ensorcelled Hibernat  Hex/Ice        30%        N/A       5%          2
c - Confusing Touch       Hex            26%        N/A       2%          3
d - Tukima's Dance        Hex            26%        N/A       2%          3

Your spell library contained the following spells:

 Spells                   Type           Power      Damage    Failure   Level
 Slow                     Hex            26%        N/A       1%          2
 Dazzling Flash           Conj/Hex       30%        N/A       11%         3
 Sublimation of Blood     Necr           2%         N/A       22%         2
 Vampiric Draining        Necr           2%         2d6       41%         3
 Silence                  Hex/Air        7%         N/A       69%         5
 Petrify                  Tmut/Erth      4%         N/A       83%         4
 Agony                    Necr           4%         N/A       99%         5
 Irradiate                Conj/Tmut      2%         3d14      99%         5


Dungeon Overview and Level Annotations

Branches:
Dungeon (5/15)
 Temple: D:4-7

Altars:


Innate Abilities, Weirdness & Mutations

You are very small and have problems with some larger weapons.
You are too small for most types of armour.
You have supernaturally acute eyesight. (SInv)
You cover ground extremely quickly. (Speed+++)


Message History

You destroy the necrophage!
Your life force feels restored.
Your Spellcasting skill increases to level 5!
Your Hexes skill increases to level 7!
You see here a book of Alchemy.
You now have 165 gold pieces (gained 11).
You start resting.
Magic restored.
HP restored.
There is a stone staircase leading up here.
You now have 176 gold pieces (gained 11).
A centaur zombie comes into view.
A centaur comes into view.
Found a runed dagger.
You see here a +2 dagger of flaming.
u - a +2 dagger of flaming Your +2 dagger of flaming bursts into flame!
u - a +2 dagger of flaming (weapon)
Found a stone staircase leading down.
There is a stone staircase leading down here.
A hornet comes into view.
The hornet buzzes angrily.
Casting: Confusing Touch (dangerous; 2% risk of failure)
Confirm with . or Enter, or press ? or * to list all spells.
Okay, then.
Casting: Confusing Touch (dangerous; 2% risk of failure)
Confirm with . or Enter, or press ? or * to list all spells.
Your hands begin to glow red.
Casting: Confusing Touch (dangerous; 2% risk of failure)
Confirm with . or Enter, or press ? or * to list all spells.
Aiming: Corona (safe; 1% risk of failure)
Press: ? - help, Shift-Dir - straight line, f - hornet
Aim: a hornet (chance to confuse on hit: 47%, chance to affect: 58%)
The hornet is outlined in light.
The hornet misses you.
You closely miss the hornet. The hornet stings you!
Ouch! That really hurt!
You suddenly lose the ability to move!
The hornet stings you!
Ouch! That really hurt!
You die...

#..## ##.# ##.......
##..## #.# ##......
......# ##..###.#
##...... .......
##....## ##.###...
....... ##...# ##.##
###. ...y...
##..###.## ## .......
##.......# ## .......
###.......## ##.
.......####y@...#####
##..
..............###
#... .............##
...Z.....
.......#######
..##..... .....##
###... ..... ##..
.... ### ... ...


You could see a hornet (corona).

Vanquished Creatures
  2 necrophages
  An iguana (D:2)
  A hound skeleton (D:4)
  A gnoll (D:4)
  4 adders
  A white imp (D:5)
  3 adder skeletons (D:4)
  4 worms
  2 dart slugs
  5 orcs (D:2)
  4 bats
  3 endoplasms
  7 giant cockroaches
  4 goblins
  3 hobgoblins
  3 jackals (D:1)
  5 kobolds
  5 quokkas
  5 ball pythons
  5 frilled lizards
  5 rats
73 creatures vanquished.

Vanquished Creatures (others)
  A fungus (D:3)
1 creature vanquished.

Grand Total: 74 creatures vanquished

Notes
Turn   | Place    | Note
-------+----------+-------------------------------------------
     0 | D:1      | mrzisme the Spriggan Enchanter began the quest for the Orb.
     0 | D:1      | Reached XP level 1. HP: 9/9 MP: 5/5
   206 | D:1      | Reached skill level 4 in Hexes
   218 | D:1      | Reached XP level 2. HP: 8/13 MP: 4/6
   221 | D:1      | Learned a level 2 spell: Ensorcelled Hibernation
  1207 | D:2      | Reached XP level 3. HP: 16/16 MP: 5/8
  1573 | D:2      | Reached skill level 5 in Hexes
  1573 | D:2      | Reached XP level 4. HP: 21/21 MP: 0/10
  1834 | D:2      | Learned a level 3 spell: Confusing Touch
  1838 | D:2      | Learned a level 3 spell: Tukima's Dance
  2570 | D:3      | Found a faded altar of an unknown god.
  3014 | D:4      | Reached XP level 5. HP: 24/24 MP: 6/12
  3073 | D:4      | Noticed a necrophage
  3302 | D:4      | Killed a necrophage
  3303 | D:4      | Reached skill level 6 in Hexes
  4184 | D:5      | Entered Level 5 of the Dungeon
  4185 | D:5      | Noticed a sky beast
  4198 | D:4      | Reached XP level 6. HP: 26/28 MP: 10/13
  4225 | D:5      | Reached skill level 5 in Spellcasting
  4225 | D:5      | Reached skill level 7 in Hexes
  4414 | D:5      | Noticed a hornet
  4424 | D:5      | Paralysed by a hornet for 2 turns
  4425 | D:5      | Slain by a hornet

Illustrated notes

Levels and vault maps discovered:
D:1:      lightli_arrival_farm, layout_rooms, minmay_tromino_v4_a
D:2:      minmay_spotlight, layout_basic, corexii_hall_statues_x
D:3:      layout_rooms, shapermc_ecumenical_altar_acropolis
D:4:      layout_basic, gup_sewer_entry_spiral, mrwooster_statue_mirror
D:5:      layout_layer_cave, gammafunk_temple_overflow_elements,
          hangedman_abyss_or_decor_slice

Skill      XL: |  1  2  3  4  5  6 |
---------------+-------------------+-----
Hexes          | 4 5 6 7 |  7.1
Spellcasting   | 3 4 5 |  5.0
Short Blades   | 2 |  2.3
Dodging        | |  2.6
Stealth        | |  4.6

Action                   |  1- 3 |  4- 6 || total
-------------------------+-------+-------++-------
Melee: Dagger            |    99 |   136 ||   235
Throw: Dart              |     1 |       ||     1
 Cast: Corona            |    13 |    20 ||    33
       Ensorcelled Hiber |    17 |    43 ||    60
       Confusing Touch   |       |     5 ||     5
  Use: Scroll            |       |    10 ||    10
 Stab: Sleeping          |    18 |    26 ||    44
       Distracted        |       |     1 ||     1
       Confused          |       |     5 ||     5
Armor: Robe              |    11 |    16 ||    27
Dodge: Dodged            |    81 |   107 ||   188
